 Dungeon Crawl Stone Soup version 0.22.1-1-ga44c0e5 (webtiles) character file.

3375 Fang the Cleaver (level 10, -8/94 HPs)
             Began as a Gargoyle Berserker on Sept 25, 2018.
             Was an Elder of Trog.
             Killed by the air
             ... invoked by Gastronok
              (26 damage)
             ... on level 8 of the Dungeon.
             The game lasted 00:07:35 (7657 turns).

Fang the Cleaver (Gargoyle Berserker)               Turns: 7657, Time: 00:07:35

Health: -8/94      AC: 18    Str: 34    XL:     10   Next: 3%
Magic:  10/10      EV: 16    Int:  8    God:    Trog [****..]
Gold:   359        SH:  0    Dex:  4    Spells: 9/9 levels left

rFire    . . .     SeeInvis .   a - +0 hand axe
rCold    . . .     Gourm    .   (no shield)
rNeg     + + +     Faith    .   A - +5 ring mail of the Camelopard {rN+++ Str+5 Dex-5 Slay-4}
rPois    ∞         Spirit   .   (no helmet)
rElec    +         Reflect  .   (no cloak)
rCorr    .         Harm     .   (no gloves)
MR       .....                  (no boots)
Stlth    ..........             (no amulet)
HPRegen  0.25/turn              e - +4 ring of evasion
MPRegen  0.12/turn              n - ring of attention (curse)

@: berserking, slowed
A: negative energy resistance 1, electricity resistance, unbreathing,
petrification resistance, rot immunity, AC +7
a: Berserk, Trog's Hand, Brothers in Arms, Renounce Religion


You were on level 8 of the Dungeon.
You worshipped Trog.
Trog was greatly pleased with you.
You were near starving.

You visited 2 branches of the dungeon, and saw 9 of its levels.

You collected 359 gold pieces.

Inventory:

Hand Weapons
 a - a +0 hand axe (weapon)
Armour
 v - a +2 leather armour of magic resistance
 A - the +5 ring mail of the Camelopard (worn) {rN+++ Str+5 Dex-5 Slay-4}
   (You found it on level 8 of the Dungeon)

   It affects your strength (+5).
   It affects your dexterity (-5).
   It affects your accuracy and damage with ranged weapons and melee attacks
   (-4).
   It renders you almost immune to negative energy.
Jewellery
 e - a +4 ring of evasion (left hand)
 n - a cursed ring of attention (right hand)
Wands
 s - a wand of clouds (5)
 u - a wand of paralysis (14)
 w - a wand of polymorph (7)
Scrolls
 b - 4 scrolls of enchant weapon {unknown}
 d - 4 scrolls of amnesia {unknown}
 f - 7 scrolls of remove curse {unknown}
 j - 3 scrolls of identify {unknown}
 p - 3 scrolls of teleportation {unknown}
 q - a scroll of immolation {unknown}
 t - 2 scrolls of magic mapping {unknown}
 y - a scroll of brand weapon {unknown}
Potions
 g - 3 potions of brilliance {unknown}
 h - a potion of resistance
 i - 2 potions of berserk rage {unknown}
 k - 2 potions of haste
 l - a potion of invisibility {unknown}
 m - 2 potions of cancellation {unknown}
 o - 3 potions of degeneration {unknown}
 r - 2 potions of curing {unknown}
 x - a potion of flight {unknown}
Comestibles
 c - 22 rations


   Skills:
 + Level 7.6 Fighting
 + Level 9.4 Axes
 + Level 4.1 Armour
 + Level 5.4 Dodging
 + Level 2.7 Stealth
 + Level 0.4 Unarmed Combat


You had 9 spell levels left.
You didn't know any spells.
Your spell library was empty.

Dungeon Overview and Level Annotations

Branches:
Dungeon (8/15)             Temple (1/1) D:7            Lair (0/6) D:8

Altars:
Cheibriados
Dithmenos
Gozag
Hepliaklqana
Kikubaaqudgha
Makhleb
Okawaru
Sif Muna
Vehumet
Yredelemnul

Shops:
D:4 }

Annotations:
D:8 Gastronok


Innate Abilities, Weirdness & Mutations

You are resistant to torment.
Your stone body is resilient. (AC +7)
You are immune to poison.
You resist negative energy. (rN+)
You are resistant to electric shocks. (rElec)
You can survive without breathing.
You are immune to petrification.
You are immune to rotting.


Message History

You are near starving!
Gastronok waves his eye-stalks in wide circles.
The air twists around and strikes you!
* * * LOW HITPOINT WARNING * * *
You slash Gastronok!
Gastronok is lightly wounded.
You hit Gastronok but do no damage.
Gastronok is lightly wounded.
You hit Gastronok.
Gastronok is lightly wounded.
Gastronok waves his eye-stalks in wide circles.
The air twists around and strikes you!
* * * LOW HITPOINT WARNING * * *
You slash Gastronok!
Gastronok is moderately wounded.
You hit Gastronok.
Gastronok is moderately wounded.
Gastronok waves his eye-stalks in wide circles.
The air twists around and strikes you!
You die...

.### ...### #.#
.....## #.#
...P..## #.#
.......## #.#
>.......# #.#
...P....# #.#
......#.# #w#
.....##.# #@#
...####.# #.#
........########.#
##########.......#
#.####### #.# #.#
#.# #.#


You could see Gastronok.

Vanquished Creatures
  Grinder (D:3)
  Sigmund (D:5)
  A wyvern (D:8)
  A yak (D:8)
  Edmund (D:5)
  A black bear (D:6)
  A sky beast (D:6)
  2 orc warriors
  An ogre (D:8)
  2 centaurs
  2 bullfrogs
  3 scorpions
  A howler monkey (D:4)
  3 crimson imps
  A bullfrog zombie (D:8)
  2 hounds (D:4)
  A centaur zombie (D:6)
  A quasit (D:6)
  A jelly (D:7)
  Crazy Yiuf (D:5)
  4 orc priests
  6 orc wizards
  A centaur skeleton (D:7)
  2 gnoll shamans
  An iguana (D:6)
  9 worker ants
  A mummy (D:6)
  2 howler monkey zombies
  14 gnolls
  4 adders
  A shadow imp (D:5)
  An ooze (D:3)
  An adder skeleton (D:8)
  A worm (D:4)
  2 dart slugs
  2 leopard geckos (D:4)
  43 orcs
  7 bats
  5 giant cockroaches
  5 goblins
  6 hobgoblins
  16 jackals
  3 quokkas
  A frilled lizard (D:3)
  3 kobolds (D:2)
  2 leopard gecko skeletons (D:4)
  6 rats
177 creatures vanquished.

Vanquished Creatures (collateral kills)
  An elephant (D:8)
  2 basilisks (D:8)
3 creatures vanquished.

Grand Total: 180 creatures vanquished

Notes
Turn   | Place    | Note
-------+----------+-------------------------------------------
     0 | D:1      | Fang the Gargoyle Berserker began the quest for the Orb.
     0 | D:1      | Reached XP level 1. HP: 14/14 MP: 1/1
   152 | D:1      | Reached XP level 2. HP: 16/19 MP: 2/2
   240 | D:1      | Reached skill level 3 in Axes
   405 | D:1      | Reached XP level 3. HP: 24/24 MP: 3/3
   793 | D:2      | Found an ancient bone altar of Kikubaaqudgha.
  1055 | D:2      | Reached ** piety under Trog
  1306 | D:2      | Found a basalt altar of Yredelemnul.
  1306 | D:2      | Found a burning altar of Makhleb.
  1512 | D:3      | Noticed Grinder
  1528 | D:3      | Killed Grinder
  1528 | D:3      | Reached skill level 4 in Axes
  1528 | D:3      | Reached XP level 4. HP: 30/30 MP: 4/4
  1528 | D:3      | Reached XP level 5. HP: 34/34 MP: 5/5
  1528 | D:3      | Reached XP level 6. HP: 39/39 MP: 6/6
  1879 | D:3      | Reached skill level 1 in Stealth
  2282 | D:4      | Reached skill level 5 in Fighting
  2282 | D:4      | Reached skill level 5 in Axes
  2290 | D:4      | Reached XP level 7. HP: 25/44 MP: 7/7
  2647 | D:4      | Found Geakuny's Gadget Boutique.
  3053 | D:4      | Found a deep blue altar of Sif Muna.
  3061 | D:4      | Found a hazy altar of Hepliaklqana.
  3092 | D:5      | Entered Level 5 of the Dungeon
  3363 | D:5      | Noticed Edmund
  3379 | D:5      | Reached *** piety under Trog
  3380 | D:5      | Killed Edmund
  3380 | D:5      | Reached skill level 6 in Axes
  3380 | D:5      | Reached XP level 8. HP: 50/50 MP: 8/8
  3436 | D:5      | Found an opulent altar of Gozag.
  3700 | D:5      | Found a runed door.
  3785 | D:5      | Noticed Sigmund
  3804 | D:5      | Killed Sigmund
  3939 | D:5      | Noticed Crazy Yiuf
  3945 | D:5      | Killed Crazy Yiuf
  4385 | D:6      | Reached skill level 7 in Axes
  4710 | D:6      | Found a snail-covered altar of Cheibriados.
  4763 | D:6      | Reached XP level 9. HP: 55/56 MP: 9/9
  4854 | D:6      | Reached **** piety under Trog
  5409 | D:7      | Found a shadowy altar of Dithmenos.
  5420 | D:7      | Reached skill level 8 in Axes
  5974 | D:7      | Reached skill level 5 in Dodging
  6118 | D:7      | Found a staircase to the Ecumenical Temple.
  6516 | Temple   | Entered the Ecumenical Temple
  6619 | D:8      | Found a radiant altar of Vehumet.
  6683 | D:8      | Found a staircase to the Lair.
  6683 | D:8      | Noticed an elephant
  6700 | D:8      | Reached skill level 9 in Axes
  6729 | D:8      | Killed an elephant
  7203 | D:8      | Found an iron altar of Okawaru.
  7216 | D:8      | Reached XP level 10. HP: 38/63 MP: 10/10
  7431 | D:8      | Got an ichor-stained ring mail
  7442 | D:8      | Identified the +5 ring mail of the Camelopard {rN+++ Str+5
                  | Dex-5 Slay-4} (You found it on level 8 of the Dungeon)
  7647 | D:8      | Noticed Gastronok
  7657 | D:8      | Killed from afar by Gastronok

Skill      XL: |  1  2  3  4  5  6  7  8  9 |
---------------+----------------------------+-----
Axes           | 3 4 5 6 7 9 |  9.4
Fighting       | 4 5 6 7 |  7.6
Dodging        | 2 3 4 5 |  5.4
Stealth        | 1 2 |  2.7
Armour         | 3 4 |  4.1
Unarmed Combat | |  0.4

Action                   |  1- 3 |  4- 6 |  7- 9 | 10-12 || total
-------------------------+-------+-------+-------+-------++-------
Melee: Hand axe          |   109 |    83 |   620 |    22 ||   834
       Unarmed           |       |       |     9 |       ||     9
Invok: Berserk           |     1 |       |     9 |     1 ||    11
       Brothers in Arms  |       |       |     2 |       ||     2
  Use: Scroll            |       |       |     1 |       ||     1
  Eat: Chunk             |     2 |     3 |    23 |     1 ||    29
       Ration            |       |       |     1 |       ||     1
Armor: Animal skin       |    34 |    17 |    27 |       ||    78
       Leather armour    |       |       |   145 |     2 ||   147
Dodge: Dodged            |   104 |    75 |   549 |    12 ||   740
